 Dungeon Crawl Stone Soup version 0.30-a0-458-g86641cc369 (webtiles) character file.

Game seed: 14870301069973420348

56859 NinjaNoafa the Spry (level 14, -3/61 HPs)
             Began as a Felid Summoner on Dec 15, 2022.
             Was an Initiate of Gozag.
             Killed from afar by a manticore (12 damage)
             ... with a volley of spikes
             ... on level 3 of the Shoals.
             The game lasted 02:03:57 (32687 turns).

NinjaNoafa the Spry (Felid Summoner)               Turns: 32687, Time: 02:03:58

Health: -3/61      AC:  7    Str:  8    XL:     14   Next: 43%
Magic:  24/30      EV: 27    Int: 23    God:    Gozag
Gold:   843        SH:  0    Dex: 16    Spells: 1/36 levels left
                                        Lives:  0   Deaths: 5

rFire   . . .      SeeInvis +      - Unarmed
rCold   + . .      Faith    .    (shield unavailable)
rNeg    . . .      Spirit   .    (body armour unavailable)
rPois   +          Reflect  .    (helmet unavailable)
rElec   .          Harm     .    (cloak unavailable)
rCorr   .          Rampage  .    (gloves unavailable)
Will    ++...                    (boots unavailable)
Stlth   ++........               K - amulet of magic regeneration
HPRegen 0.30/turn                p - ring of the Imp {rPois AC+4}
MPRegen 0.62/turn                P - ring of wizardry

@: spiked, quick
A: very small, claws 1, fangs 3, see invisible, speed 1, shaggy fur 3, stealthy
paws, no weapons or thrown items, no armour, multi-lived, frail 1, strong 1,
MP-powered wands
a: Renounce Religion, Potion Petition, Call Merchant, Bribe Branch


You were on level 3 of the Shoals.
You worshipped Gozag.
Gozag was pleased with you.
You visited 6 branches of the dungeon, and saw 25 of its levels.

You collected 8361 gold pieces.
You spent 5002 gold pieces at shops.
You paid 2516 gold pieces to Gozag.

Inventory:

Jewellery
 c - a ring of protection from fire
 l - a ring of protection from cold
 p - the ring of the Imp (left paw) {rPois AC+4}
   (You bought it in a shop on level 1 of the Lair of Beasts)

   [ring of protection]

   AC:        It affects your AC (+4).
   rPois:     It protects you from poison.
 q - a ring of positive energy
 t - a ring of ice
 A - the amulet "Pyxeif" {Reflect rElec rPois rCorr Int-3 SH+5}
   (You found it on level 5 of the Lair of Beasts)

   [amulet of reflection]

   It reflects blocked missile attacks.
   Int:       It affects your intelligence (-3).
   rElec:     It insulates you from electricity.
   rPois:     It protects you from poison.
   rCorr:     It protects you from acid and corrosion.
   SH:        It affects your SH (+5).
 K - an amulet of magic regeneration (around neck)
 P - a ring of wizardry (right paw)
Wands
 w - a wand of flame (40)
 y - a wand of paralysis (12)
 D - a wand of mindburst (10)
 G - a wand of iceblast (11)
Scrolls
 a - a scroll of amnesia
 b - a scroll of identify
 d - 2 scrolls of butterflies
 e - a scroll of noise
 f - 2 scrolls of teleportation
 g - 4 scrolls of vulnerability
 k - 3 scrolls of immolation
 m - 2 scrolls of torment
 o - 2 scrolls of fear
 r - 5 scrolls of fog
 u - 2 scrolls of poison
 M - a scroll of blinking
Potions
 h - 4 potions of haste
 i - 6 potions of lignification
 j - 4 potions of degeneration
 n - 3 potions of curing
 s - 5 potions of brilliance
 v - 3 potions of invisibility
 x - 2 potions of heal wounds
 z - 4 potions of might
 E - 6 potions of attraction
 I - 2 potions of cancellation
 J - 2 potions of resistance
Miscellaneous
 F - a lightning rod (inert)
 H - a piece from Xom's chessboard (15/15)


   Skills:
 - Level 11.6 Fighting
 - Level 15.0 Dodging
 - Level 2.6 Stealth
 - Level 3.0 Unarmed Combat
 - Level 11.9 Spellcasting
 - Level 10.0 Hexes
 + Level 12.6 Summonings
 - Level 6.8 Transmutations
 - Level 7.0 Air Magic
 - Level 10.0 Earth Magic
 - Level 9.0 Evocations


You had one spell level left.
You knew the following spells:

 Your Spells              Type           Power      Damage    Failure   Level
a - Lee's Rapid Deconstr  Erth           28%        3d15*     1%          5
b - Summon Hydra          Summ           32%        N/A       9%          7
c - Call Canine Familiar  Summ           64%        N/A       1%          3
d - Summon Guardian Gole  Hex/Summ       60%        N/A       1%          3
e - Summon Lightning Spi  Summ/Air       56%        N/A       1%          4
f - Leda's Liquefaction   Hex/Erth       28%        N/A       1%          4
g - Statue Form           Tmut/Erth      34%        N/A       9%          6
h - Tukima's Dance        Hex            56%        N/A       1%          3

Your spell library contained the following spells:

 Spells                   Type           Power      Damage    Failure   Level
 Magic Dart               Conj           52%        1d5       1%          1
 Sandblast                Erth           100%       2d20      1%          1
 Summon Small Mammal      Summ           100%       N/A       1%          1
 Call Imp                 Summ           64%        N/A       1%          2
 Cigotuvi's Dreadful Rot  Necr/Pois/Air  48%        N/A       1%          2
 Ensorcelled Hibernation  Hex/Ice        72%        N/A       1%          2
 Passwall                 Tmut/Erth      42%        N/A       1%          2
 Poisonous Vapours        Pois/Air       58%        N/A       1%          2
 Static Discharge         Conj/Air       58%        2-5/arc   1%          2
 Wereblood                Tmut           45%        N/A       1%          2
 Stone Arrow              Conj/Erth      72%        3d11      1%          3
 Swiftness                Air            45%        N/A       1%          3
 Vhi's Electric Charge    Tloc/Air       58%        N/A       1%          3
 Petrify                  Tmut/Erth      51%        N/A       1%          4
 Silence                  Hex/Air        26%        N/A       1%          5
 Yara's Violent Unravell  Hex/Tmut       25%        3d11      1%          5
 Searing Ray              Conj           26%        2d5       2%          2
 Sublimation of Blood     Necr           13%        N/A       2%          2
 Mephitic Cloud           Conj/Pois/Air  24%        N/A       2%          3
 Fulminant Prism          Conj/Hex       18%        3d10      2%          4
 Blade Hands              Tmut           22%        N/A       3%          5
 Gell's Gravitas          Tloc           13%        N/A       6%          3
 Teleport Other           Tloc           13%        N/A       6%          3
 Arcjolt                  Conj/Air       14%        1d24      12%         5
 Lightning Bolt           Conj/Air       14%        1d28      12%         5
 Manifold Assault         Tloc           13%        N/A       19%         4
 Passage of Golubria      Tloc           13%        N/A       19%         4
 Enfeeble                 Hex            28%        N/A       26%         7
 Fireball                 Conj/Fire      6%         3d5       45%         5
 Iskenderun's Battlesphe  Conj           13%        2d7       45%         5
 Conjure Ball Lightning   Conj/Air       14%        3x3d6     52%         6
 Summon Horrible Things   Summ           32%        N/A       52%         8
 Dispersal                Tloc           6%         N/A       94%         6
 Orb of Destruction       Conj           6%         9d6       100%        7
 Disjunction              Tloc           6%         N/A       100%        8
 Lehudib's Crystal Spear  Conj/Erth      18%        10d5      100%        8
 Portal Projectile        Hex/Tloc       Unusable   N/A       N/A         3

Dungeon Overview and Level Annotations

Branches:
Dungeon (13/15)            Temple (1/1) D:7            Lair (5/5) D:8
 Shoals (3/4) Lair:3        Snake (1/4) Lair:2        Slime (0/5) Lair:5
    Orc (2/2) D:12            Elf (0/3) Orc:2
 Vaults: D:13-14

Altars:
Ashenzari
Cheibriados
Dithmenos
Elyvilon
Fedhas
Gozag
Hepliaklqana
Kikubaaqudgha
Makhleb
Nemelex Xobeh
Okawaru
Qazlal
Ru
Sif Muna
Trog
Uskayaw
Vehumet
Wu Jian
Xom
Yredelemnul
Zin
The Shining One

Shops:
D:1 (   D:4 [   D:6 (   D:10 (*:!(   D:12 (   Orc:2 :*(=[   Lair:1 =   Lair:2 :
Shoals:2 =

Annotations:
D:12 2 transporters, Huon's ghost, journeyman DECj
Lair:4 1 transporter
Shoals:1 Roxanne


Innate Abilities, Weirdness & Mutations

You have sharp claws.
You have razor-sharp teeth.
You have supernaturally acute eyesight. (SInv)
You cover ground quickly. (Speed+)
Your thick and shaggy fur keeps you warm. (AC +3, rC+)
Your paws help you pounce on unaware monsters.
You are incapable of wielding weapons or throwing items.
You cannot wear armour.
You gain extra lives every three experience levels.
You are frail. (-10% HP)
Your muscles are strong. (Str +4, Int/Dex -1)
You expend magic power (3 MP) to strengthen your wands.


Message History

You hear a splash. x2
The water elemental disappears in a puff of smoke! x2
The iceblast engulfs your guardian golem!!
Your guardian golem partially resists.
Your guardian golem is almost destroyed.
Your guardian golem disappears in a puff of smoke!
You hear a shout! x2; You hear an angry hiss.
Your lightning spire disappears in a puff of smoke!
The merfolk javelineer throws a silver javelin.
The silver javelin completely misses you.
Unknown command.
You feel a little less mighty now.
The merfolk javelineer throws a silver javelin.
The silver javelin pierces through you.
* * * LOW HITPOINT WARNING * * *
The silver sears you!
* * * LOW HITPOINT WARNING * * *
The merfolk javelineer throws a silver javelin.
The silver javelin pierces through you but does no damage.
The silver sears you!
* * * LOW HITPOINT WARNING * * *
The merfolk javelineer throws a silver javelin.
The silver javelin completely misses you.
The merfolk javelineer throws a silver javelin.
The silver javelin misses you.
The merfolk javelineer throws a silver javelin.
The silver javelin pierces through you but does no damage.
The silver sears you!
* * * LOW HITPOINT WARNING * * *
Casting: Call Canine Familiar (safe; 1% risk of failure)
Confirm with . or Enter, or press ? or * to list all spells.
An electric hum fills the air.
You revert to your normal fleshy form.
The merfolk javelineer throws a silver javelin.
The silver javelin barely misses you.
The manticore flicks its tail.
The volley of spikes hits you!
The barbed spikes become lodged in your body.
You die...
Your body crumbles into a pile of gold.

.~≈PPP~~~~~~~≈≈≈≈≈≈≈≈≈≈≈≈≈#
.P≈~~~~~~~~~≈≈≈≈m≈≈≈≈≈≈≈≈≈#
.~~.~≈~≈≈≈≈≈≈≈≈≈≈≈≈≈≈≈≈≈≈≈#
.PPP≈~~~≈≈~~~~~~~~≈≈≈≈≈≈≈≈#
.PPP~..~~~~~~~.$~~~~≈≈≈≈≈≈#
.P~~~~~~....H.~~~.~~~≈≈≈≈≈#
#..P~~.<###...~~$.~~~≈≈≈≈≈#
##PP.mmm##...###$$$~~≈≈≈≈≈#
#P≈P..m.§##8@# #.~~~~≈≈≈≈≈#
.≈~.....###..###.$~~~≈≈≈≈≈#
......### #.....~~~~≈≈≈≈≈≈#
###... #....~~~~~~≈≈≈≈≈#
###. ...~~~~~~~~≈≈≈≈≈# ..
..~~..~~~~~~~≈≈≈≈#
.~~~..~~~~~~~≈≈≈≈#
..~~~~~~~~~~~~≈≈≈≈#
$~~~~~~~~~~~~≈≈≈≈#


You could see a merfolk javelineer, a manticore (ally target) and a friendly
lightning spire (summoned).

Vanquished Creatures
  Ilsuiw (Shoals:3)
  The ghost of Qikipt the Tainter, a journeyman NaVM of Vehumet (Lair:3)
  A merfolk avatar (Shoals:3)
  A sea snake (Shoals:2)
  4 harpies
  2 orc knights (Orc:2)
  A mana viper (Snake:1)
  An ugly thing (D:12)
  A faun (Shoals:1)
  A cyclops (D:12)
  3 manticores
  A black mamba (Lair:2)
  A naga mage (Snake:1)
  A water nymph (Shoals:2)
  2 trolls
  A wind drake (Shoals:2)
  2 blink frogs (Lair:5)
  2 tyrant leeches (Lair:5)
  3 vampire mosquitoes
  A warg (Orc:2)
  6 orc warriors
  A wolf (Lair:1)
  An ogre (Orc:1)
  A centaur (D:9)
  4 electric eels
  3 orc priests
  A warg simulacrum (Orc:1)
  7 orc wizards
  An orc simulacrum (Orc:1)
  6 orcs
  A goblin (D:1)
  A hobgoblin (D:12)
  A training dummy (D:6)
65 creatures vanquished.

Vanquished Creatures (collateral kills)
  An orc warlord (Orc:2)
  3 merfolk impalers
  An ettin (Orc:2)
  A merfolk javelineer (Shoals:3)
  A yaktaur captain (D:12)
  3 hydras
  A salamander tyrant (Snake:1)
  A catoblepas (Lair:5)
  A two-headed ogre (D:12)
  2 death yaks
  4 merfolk aquamancers
  The ghost of SirDiesAlot the Arsonist, a journeyman DEFE of Sif Muna (Orc:1)
  A deep troll earth mage (D:12)
  Nergalle (D:10)
  A salamander mystic (Snake:1)
  A goliath frog (Lair:5)
  A sea snake (Shoals:1)
  A naga ritualist (Snake:1)
  4 orc knights
  6 harpies
  A deep elf pyromancer (D:10)
  An ugly thing (D:12)
  3 orc sorcerers
  3 cyclopes
  6 merfolk sirens
  3 manticores
  An elephant (Lair:5)
  4 fauns
  A water nymph (Shoals:2)
  4 black mambas
  A gargoyle (D:12)
  15 cane toads
  3 rime drakes
  11 komodo dragons
  4 hornets
  A polar bear (Lair:4)
  8 merfolk
  Prince Ribbit (D:8)
  5 trolls
  5 dream sheep (Lair:3)
  A snapping turtle (Shoals:1)
  15 blink frogs
  Sigmund (D:3)
  A shadow (D:11)
  23 yaks
  A vampire (D:11)
  7 water elementals
  2 wyverns
  2 steam dragons
  4 basilisks
  5 vampire mosquitoes
  Edmund (D:6)
  2 wargs (Orc:2)
  3 nagas (Snake:1)
  11 water moccasins
  4 acid dragons
  Duvessa (D:6)
  25 orc warriors
  3 black bears
  3 centaurs
  2 ogres
  32 wolves
  A phantom (D:8)
  17 bullfrogs
  3 scorpions
  A necrophage (D:5)
  A gnoll sergeant (D:12)
  11 killer bees
  3 howler monkeys (D:9)
  2 hounds
  3 jellies
  17 orc priests
  A gnoll bouda (D:8)
  2 iguanas
  15 orc wizards
  Natasha (thrice) (D:2)
  Terence (D:2)
  3 spectral orcs (Orc:1)
  A mummy (D:8)
  Robin (D:2)
  4 gnolls (D:8)
  7 adders
  A white imp (D:7)
  An ufetubus (D:7)
  7 worms
  2 dart slugs (D:1)
  58 orcs
  6 ball pythons
  6 bats
  8 endoplasms
  8 giant cockroaches
  14 goblins
  7 hobgoblins
  A jackal (D:3)
  17 kobolds
  5 quokkas
  A training dummy (D:6)
  2 frilled lizards
  A hobgoblin zombie (D:8)
  3 kobold zombies (D:8)
  10 rats
521 creatures vanquished.

Vanquished Creatures (others)
  An orc warlord (Orc:2)
  Nessos (Lair:4)
  A merfolk impaler (Shoals:3)
  A merfolk javelineer (Shoals:3)
  A hydra (Lair:3)
  2 catoblepae
  A boulder beetle (D:12)
  2 merfolk aquamancers
  An orc high priest (Orc:2)
  7 death yaks
  A shock serpent (Snake:1)
  A goliath frog (Lair:5)
  2 sea snakes (Shoals:3)
  2 harpies
  Pikel (D:4)
  2 orc sorcerers (Orc:2)
  2 ugly things (D:12)
  An orc knight (Orc:2)
  2 cyclopes
  2 manticores (Shoals:3)
  5 elephants (Lair:5)
  2 fauns (Shoals:1)
  A merfolk siren (Shoals:3)
  2 black mambas
  7 cane toads (Lair:5)
  An unseen horror (D:12)
  2 komodo dragons
  4 trolls
  A hornet (Lair:4)
  A tyrant leech (Lair:5)
  4 blink frogs (Lair:5)
  5 yaks
  2 water elementals (Shoals:2)
  A wraith (D:11)
  11 dancing weapons
  3 vampire mosquitoes
  A warg (Orc:2)
  2 orc warriors (Orc:2)
  An ogre (Orc:2)
  3 wolves
  A bullfrog (Lair:5)
  Dowan (D:6)
  An orc priest (Orc:2)
  2 orc wizards (Orc:2)
  3 spectral orcs (Orc:1)
  A gnoll (D:8)
  2 orcs (Orc:2)
  A briar patch (Lair:4)
  46 fungi
  128 plants
279 creatures vanquished.

Grand Total: 865 creatures vanquished

Notes
Turn   | Place    | Note
-------+----------+-------------------------------------------
     0 | D:1      | NinjaNoafa the Felid Summoner began the quest for the Orb.
     0 | D:1      | Reached XP level 1. HP: 7/7 MP: 4/4
   265 | D:1      | Reached XP level 2. HP: 9/11 MP: 0/6
   296 | D:1      | Learned a level 2 spell: Call Imp
   948 | D:1      | Reached XP level 3. HP: 14/14 MP: 6/8
  1254 | D:1      | Found Ganoot's Antique Weapon Boutique.
  1473 | D:2      | Noticed Natasha
  1492 | D:2      | Killed Natasha
  1596 | D:2      | Reached XP level 4. HP: 17/18 MP: 0/9
  1632 | D:2      | Learned a level 3 spell: Call Canine Familiar
  1720 | D:2      | Noticed Natasha
  1729 | D:2      | Killed Natasha
  1730 | D:2      | Reached skill level 5 in Summonings
  1769 | D:2      | Noticed Natasha
  1779 | D:2      | Killed Natasha
  1853 | D:2      | Noticed Robin
  1935 | D:2      | Reached XP level 5. HP: 21/21 MP: 9/11
  1977 | D:2      | Identified the +6 whip of Pocs {flame, Int+6}
  1983 | D:2      | Slain by a goblin
  1984 | D:2      | Reached XP level 4. HP: -5/18 MP: 3/10
  2207 | D:2      | Found a faded altar of an unknown god.
  2285 | D:2      | Noticed Terence
  2311 | D:2      | Killed Terence
  2449 | D:2      | Found a broken altar of Ashenzari.
  2777 | D:2      | Killed Robin
  3333 | D:3      | Reached XP level 5. HP: 21/21 MP: 8/12
  3472 | D:3      | Noticed Sigmund
  3480 | D:3      | Killed Sigmund
  3481 | D:3      | Gained mutation: You are covered in thick fur. (AC +2)
                  | [Felid growth]
  3481 | D:3      | Reached XP level 6. HP: 24/24 MP: 6/14
  4382 | D:4      | Learned a level 3 spell: Summon Guardian Golem
  4575 | D:4      | Noticed Pikel
  4707 | D:4      | Found a hazy altar of Hepliaklqana.
  4750 | D:4      | Killed Pikel
  4751 | D:4      | Reached skill level 5 in Spellcasting
  4751 | D:4      | Reached XP level 7. HP: 27/27 MP: 11/16
  4897 | D:4      | Found Zoezy's Armour Emporium.
  5289 | D:5      | Entered Level 5 of the Dungeon
  5549 | D:5      | Reached skill level 5 in Hexes
  5549 | D:5      | Reached XP level 8. HP: 31/31 MP: 13/18
  5795 | D:5      | Learned a level 4 spell: Summon Lightning Spire
  6106 | D:6      | Found an ornate altar of the Wu Jian Council.
  6111 | D:6      | Found a glowing golden altar of the Shining One.
  6121 | D:6      | Found an opulent altar of Gozag.
  6171 | D:6      | Reached skill level 1 in Air Magic
  6199 | D:6      | Became a worshipper of Gozag Ym Sagoz the Greedy
  6230 | D:6      | Found Veipp's Weapon Shop.
  6277 | D:6      | Noticed Edmund
  6316 | D:6      | Killed Edmund
  6530 | D:6      | Noticed Duvessa
  6530 | D:6      | Noticed Dowan
  6542 | D:6      | Killed Dowan
  6551 | D:6      | Killed Duvessa
  6863 | D:6      | Reached skill level 5 in Air Magic
  7169 | D:7      | Found a staircase to the Ecumenical Temple.
  7178 | Temple   | Entered the Ecumenical Temple
  7454 | D:7      | Reached XP level 9. HP: 34/34 MP: 11/19
  8217 | D:8      | Reached skill level 1 in Evocations
  8760 | D:8      | Found a shadowy altar of Dithmenos.
  8760 | D:8      | Noticed Prince Ribbit
  8781 | D:8      | Reached skill level 3 in Dodging
  8784 | D:8      | Killed Prince Ribbit
  8785 | D:8      | Reached skill level 1 in Fighting
  8939 | D:8      | Noticed a troll
  8948 | D:8      | Killed a troll
  8949 | D:8      | Reached skill level 4 in Dodging
  9082 | D:8      | Found a staircase to the Lair.
  9116 | D:8      | Reached XP level 10. HP: 39/40 MP: 15/21
  9532 | D:8      | Reached skill level 5 in Dodging
 10560 | D:9      | Found a burning altar of Makhleb.
 10560 | D:9      | Found an iron altar of Okawaru.
 10561 | D:9      | Found a snail-covered altar of Cheibriados.
 10705 | D:10     | Entered Level 10 of the Dungeon
 10705 | D:10     | Found Hyidynan's Book Shop.
 10875 | D:10     | Reached skill level 6 in Dodging
 11051 | D:10     | Found Direexug's Assorted Antiques.
 11179 | D:10     | Bought a potion of brilliance for 112 gold pieces
 11179 | D:10     | Bought a piece from Xom's chessboard (15/15) for 560 gold
                  | pieces
 11179 | D:10     | Bought a scroll labelled FOBBUSUE TUER for 28 gold pieces
 11199 | D:10     | Learned a level 3 spell: Swiftness
 11199 | D:10     | Identified a scroll of acquirement
 11280 | D:10     | Paralysed by a hornet for 2 turns
 11431 | D:10     | Noticed a deep elf pyromancer
 11541 | Lair:1   | Entered Level 1 of the Lair of Beasts
 11542 | Lair:1   | Acquired 532 gold pieces
 11592 | Lair:1   | Reached skill level 5 in Evocations
 11598 | Lair:1   | Slain by a komodo dragon
 11599 | Lair:1   | Reached XP level 9. HP: -1/39 MP: 0/21
 11614 | Lair:1   | Killed a komodo dragon
 11949 | Lair:1   | Noticed a cane toad
 11962 | Lair:1   | Noticed a cane toad
 11969 | Lair:1   | Killed a cane toad
 11970 | Lair:1   | Reached XP level 10. HP: 42/42 MP: 14/22
 11981 | Lair:1   | Killed a cane toad
 11982 | Lair:1   | Reached skill level 10 in Summonings
 12447 | Lair:1   | Noticed a catoblepas
 12469 | Lair:1   | Killed a catoblepas
 12585 | Lair:1   | Reached skill level 7 in Dodging
 12801 | Lair:1   | Reached skill level 5 in Fighting
 13097 | Lair:1   | Noticed a black mamba
 13114 | Lair:1   | Killed a black mamba
 13344 | Lair:2   | Reached skill level 8 in Dodging
 13413 | Lair:2   | Noticed a death yak
 13414 | Lair:2   | Noticed a death yak
 13418 | Lair:2   | Noticed a death yak
 13429 | Lair:2   | Killed a death yak
 13430 | Lair:2   | Reached XP level 11. HP: 48/48 MP: 13/24
 13431 | Lair:2   | Noticed a death yak
 13431 | Lair:2   | Noticed a death yak
 13433 | Lair:2   | Noticed a catoblepas
 13444 | Lair:2   | Killed a death yak
 13542 | Lair:1   | Bought the ring of the Imp {rPois AC+4} for 660 gold pieces
 13695 | D:10     | Found Hokk's Antique Weapon Shoppe.
 13746 | D:10     | Found Pomung's Weapon Shoppe.
 13792 | D:10     | Killed a deep elf pyromancer
 13811 | D:10     | Found Vauloxoz's Distillery.
 13855 | D:10     | Noticed Nergalle
 13866 | D:10     | Killed Nergalle
 13867 | D:10     | Reached skill level 9 in Dodging
 14396 | D:10     | Bought a potion of invisibility for 120 gold pieces
 15012 | D:11     | Found a sacrificial altar of Ru.
 15330 | D:11     | Reached skill level 10 in Dodging
 15672 | D:12     | Noticed a cyan ugly thing
 15696 | D:12     | Found a staircase to the Orcish Mines.
 15698 | D:12     | Acquired 929 gold pieces
 15735 | D:12     | Found a transporter.
 15906 | D:12     | Noticed a two-headed ogre
 15916 | D:12     | Found a transporter.
 15917 | D:12     | Found a bloodstained altar of Trog.
 15929 | D:12     | Noticed a cyan ugly thing
 15940 | D:12     | Noticed Huon's ghost (journeyman DECj)
 15940 | D:12     | Noticed a tengu warrior
 15940 | D:12     | Noticed an ettin
 15948 | D:12     | Killed a cyan ugly thing
 15965 | D:12     | Killed a cyan ugly thing
 16201 | Lair:1   | Bought an amulet of magic regeneration for 420 gold pieces
 16428 | D:10     | Bought a potion of heal wounds for 75 gold pieces
 16428 | D:10     | Bought a potion of heal wounds for 75 gold pieces
 16428 | D:10     | Bought a potion of invisibility for 120 gold pieces
 16557 | Lair:1   | Killed a death yak
 16790 | Lair:2   | Gained mutation: Your thick and shaggy fur keeps you warm.
                  | (AC +3, rC+) [Felid growth]
 16790 | Lair:2   | Reached XP level 12. HP: 53/55 MP: 22/26
 16867 | Lair:2   | Reached skill level 11 in Dodging
 17240 | Lair:2   | Reached skill level 10 in Spellcasting
 18159 | Lair:2   | Killed a catoblepas
 18183 | Lair:2   | Reached skill level 12 in Dodging
 18195 | Lair:2   | Killed a death yak
 18201 | Lair:2   | Killed a death yak
 18385 | Lair:2   | Found a staircase to the Snake Pit.
 18995 | Lair:3   | Found a runed translucent gate.
 18995 | Lair:3   | Found a runed translucent gate.
 19124 | Lair:3   | Reached skill level 13 in Dodging
 19161 | Lair:3   | Found a runed translucent gate.
 19186 | Lair:3   | Noticed an eight-headed hydra
 19214 | Lair:2   | Bought a book of the Earth for 504 gold pieces
 19222 | Lair:3   | Found a staircase to the Shoals.
 19478 | Lair:3   | Reached skill level 10 in Fighting
 19678 | Lair:3   | Killed an eight-headed hydra
 20045 | Lair:3   | Noticed Qikipt's ghost (journeyman NaVM)
 20083 | Lair:3   | Killed Qikipt's ghost
 20084 | Lair:3   | Reached XP level 13. HP: 10/62 MP: 28/28
 20563 | Lair:4   | Noticed Nessos
 20727 | D:10     | Bought a book of Weapons for 448 gold pieces
 20732 | D:10     | Learned a level 3 spell: Tukima's Dance
 21037 | Lair:4   | Killed Nessos
 21038 | Lair:4   | Reached skill level 14 in Dodging
 21248 | Lair:4   | Found a transporter.
 21248 | Lair:4   | Found the +0 pair of fencer's gloves {Riposte Dex+3}
 21326 | Lair:4   | Found a transporter.
 21709 | Lair:4   | Reached skill level 1 in Earth Magic
 21844 | Lair:5   | Entered Level 5 of the Lair of Beasts
 22295 | Lair:5   | Reached skill level 5 in Earth Magic
 22320 | Lair:5   | Slain by a cane toad
 22321 | Lair:5   | Reached XP level 12. HP: 0/60 MP: 25/27
 22323 | Lair:5   | Reached XP level 13. HP: 63/63 MP: 28/28
 22324 | Lair:5   | Reached XP level 14. HP: 67/67 MP: 29/29
 22330 | Lair:5   | Learned a level 4 spell: Leda's Liquefaction
 22346 | Lair:5   | Reached skill level 10 in Earth Magic
 22362 | Lair:5   | Reached skill level 1 in Transmutations
 22676 | Lair:5   | Found a staircase to the Slime Pits.
 22728 | Lair:5   | Learned a level 5 spell: Lee's Rapid Deconstruction
 22965 | Lair:5   | Reached skill level 5 in Transmutations
 22991 | Lair:5   | Learned a level 6 spell: Statue Form
 23502 | Lair:5   | Identified the +2 leather armour of Disguise {+Blink rF-
                  | rC- Stlth+}
 23503 | Lair:5   | Identified the amulet "Pyxeif" {Reflect rElec rPois rCorr
                  | Int-3 SH+5}
 23508 | Lair:5   | Identified the +12 falchion "Juatz" {pain, Str-5 Dex+9
                  | Stlth+}
 23652 | Lair:5   | Reached skill level 1 in Unarmed Combat
 24570 | Orc:1    | Entered Level 1 of the Orcish Mines
 24677 | D:12     | Reached XP level 15. HP: 71/71 MP: 8/30
 25618 | D:12     | Identified the +11 war axe of War {pain, rC+ rN+++ rCorr
                  | Str-4}
 25820 | D:12     | Learned a level 4 spell: Manifold Assault
 25934 | D:10     | Bought a potion of brilliance for 60 gold pieces
 25934 | D:10     | Bought a potion of haste for 150 gold pieces
 26502 | D:12     | Found a radiant altar of Vehumet.
 26559 | D:12     | Found Ecvo's Weapon Shop.
 27247 | Lair:5   | Learned a level 7 spell: Summon Hydra
 27470 | Orc:1    | Gained mutation: You occasionally lose the ability to drink
                  | potions when taking damage. [mutagenic glow]
 27532 | Orc:1    | Found a runed translucent gate.
 27532 | Orc:1    | Found a runed translucent gate.
 27532 | Orc:1    | Found a runed translucent gate.
 27826 | Orc:1    | You fall into a shaft and drop 1 floor!
 27826 | Orc:2    | Entered Level 2 of the Orcish Mines
 27826 | Orc:2    | Found a shimmering altar of Xom.
 27826 | Orc:2    | Found a staircase to the Elven Halls.
 28404 | Orc:2    | Found Rujapt's Jewellery Emporium.
 28825 | Orc:1    | Noticed SirDiesAlot's ghost (journeyman DEFE)
 28894 | Orc:1    | Killed SirDiesAlot's ghost
 29185 | Orc:2    | Reached skill level 10 in Hexes
 29245 | Orc:2    | Found Beanenoo's Antique Weapon Emporium.
 29260 | Orc:2    | Found Qepie's General Store.
 29267 | Orc:2    | Bought a scroll of teleportation for 39 gold pieces
 29267 | Orc:2    | Bought a wand of iceblast (6) for 187 gold pieces
 29275 | Orc:2    | Found Udoeluv's Antique Armour Emporium.
 29342 | Orc:2    | Bought the Verses on Metal and Assembling for 912 gold
                  | pieces
 29342 | Orc:2    | Bought a book of Misfortune for 532 gold pieces
 29349 | Orc:2    | Learned a level 5 spell: Lee's Rapid Deconstruction
 29506 | Snake:1  | Entered Level 1 of the Snake Pit
 29853 | Shoals:1 | Entered Level 1 of the Shoals
 29956 | Shoals:1 | Noticed Roxanne
 31138 | Shoals:1 | HP: 1/92 [Roxanne/crystal spear (44)]
 31415 | Shoals:1 | Reached XP level 16. HP: 24/75 MP: 26/32
 31907 | Shoals:2 | Killed from afar by a merfolk aquamancer
 31908 | Shoals:2 | Reached XP level 15. HP: -7/92 MP: 15/31
 31911 | Shoals:1 | Lost mutation: You occasionally lose the ability to drink
                  | potions when taking damage. [potion of mutation]
 31911 | Shoals:1 | Gained mutation: You are frail. (-10% HP) [potion of
                  | mutation]
 31911 | Shoals:1 | Gained mutation: You expend magic power (3 MP) to
                  | strengthen your wands. [potion of mutation]
 31911 | Shoals:1 | Gained mutation: Your muscles are strong. (Str +4, Int/Dex
                  | -1) [potion of mutation]
 31960 | Shoals:2 | Reached skill level 15 in Dodging
 32177 | Shoals:2 | Found Hanausch's Jewellery Boutique.
 32628 | Shoals:3 | HP: 3/83 [merfolk javelineer/silver javelin (4)]
 32628 | Shoals:3 | Hit by a silver javelin thrown by a merfolk javelineer
 32629 | Shoals:3 | Reached XP level 14. HP: 0/79 MP: 14/30
 32629 | Shoals:3 | Noticed Ilsuiw
 32641 | Shoals:3 | HP: 2/79 [merfolk javelineer/silver javelin[Ilsuiw] (9)]
 32683 | Shoals:3 | Killed Ilsuiw
 32687 | Shoals:3 | Killed from afar by a manticore

Illustrated notes

Levels and vault maps discovered:
D:1:      wander_arrival_peaceful_grave, layout_basic, serial_shops,
          nicolae_shop_stone
D:2:      minmay_recursive_quarters, layout_basic,
          shapermc_ecumenical_altar_acropolis, basic_altar, uniq_robin,
          uniq_terence, uniq_natasha
D:3:      minmay_razor_zed, layout_basic, moated_statue, uniq_sigmund
D:4:      layout_basic, mainiacjoe_overflow_chevrons, serial_shops,
          kennysheep_mini_moat, uniq_pikel
D:5:      layout_rooms, minivault_25, chequers_avenue,
          chequers_serial_rivers_small_b
D:6:      dreamdust_elfheim, layout_basic, grunt_temple_overflow_open,
          serial_shops, nicolae_shop_bloodbath_and_beyond,
          hangedman_abyss_or_decor_lesser_grid, uniq_edmund
D:7:      layout_basic, minmay_temple_entry_slanted
D:8:      layout_loops_ring, grunt_dithmenos_shadows, erik_lair_island,
          dk_noncrumbling_3, minmay_mini_ossuary, uniq_prince_ribbit1
D:9:      layout_cave_pools, gammafunk_temple_overflow_claw,
          corexii_checkpoint_a, minmay_misc_feat_hallway
D:10:     layout_cave_pools, serial_shops, nicolae_diamond_shop,
          nicolae_inconvenience_store, kennysheep_little_box,
          nicolae_shop_trees, nicolae_lakefront_shop, minmay_misc_feat_pillars,
          skrybe_limestone_x, uniq_nergalle
D:11:     layout_loops_ring, nicolae_ru_great_annihilating_truth
D:12:     minmay_the_grid_plus [minmay_the_grid_zigzag_pyramid,
          minmay_the_grid_large_cup, minmay_the_grid_box_x,
          minmay_the_grid_odd_star, minmay_the_grid_prize_diamond_cup],
          layout_long_grid, orc_0_dummy, serial_shops, nicolae_shop_waterfront,
          gammafunk_ghost_wrathful_warriors, vehumet_altar_wand_db
D:13:     layout_small_grid, grunt_vaults_entry_fortified
Temple:   eino_narrow_crystal_temple
Lair:1:   layout_cave_pods, grunt_megastairs_4
Lair:2:   layout_layer_cave, dummy_snake_entry, gauntlet_entry_generic, pond
Lair:3:   layout_cave_shapes, elwin_shoals_entry_rocks,
          ebering_ghost_rock_garden, grunt_megastairs_1, serial_bayou_shore_a,
          lemuel_fruit_tree
Lair:4:   gammafunk_worm_tunnel, layout_cellular_growth, dreamdust_wasp_nest,
          uniq_nessos
Lair:5:   minmay_lair_end_frog_pond, layout_layer_cave, slime_entry_1,
          nicolae_lair_grove_arrangements, nicolae_lair_yak_garden
Shoals:1: layout_shoals, uniq_roxanne
Shoals:2: layout_shoals, serial_shops, nicolae_shop_stone, nicolae_splish_splash
Shoals:3: layout_shoals, nicolae_shoals_pincushion_passage, uniq_ilsuiw
Snake:1:  layout_misc_corridors, hangedman_snake_corridor_cut
Orc:1:    layout_caves, gammafunk_ghost_necromancy
Orc:2:    grunt_orc_cross, layout_diamond_mine, basic_altar

Skill      XL: |  1  2  3  4  5  6  7  8  9 10 11 12 13 14 15 |
---------------+----------------------------------------------+-----
Spellcasting   | 3 4 5 6 8 9 10 11 | 11.9
Summonings     | 5 6 7 9 10 12 | 12.6
Hexes          | 4 5 10 | 10.0
Air Magic      | 5 7 |  7.0
Evocations     | 6 5 7 9 |  9.0
Dodging        | 4 8 10 13 14 15 | 15.0
Fighting       | 2 5 8 10 11 | 11.6
Earth Magic    | 7 9 10 | 10.0
Transmutations | 5 6 |  6.8
Unarmed Combat | 1 3 |  3.0
Stealth        | |  2.6

Action                   |  1- 3 |  4- 6 |  7- 9 | 10-12 | 13-15 | 16-18 || total
-------------------------+-------+-------+-------+-------+-------+-------++-------
Melee: Unarmed           |     2 |       |     6 |    11 |   134 |     2 ||   155
       Bite              |     1 |       |     2 |     3 |    18 |       ||    24
       Punch             |       |       |       |       |     7 |       ||     7
 Cast: Summon Small Mamm |    57 |    59 |    61 |    75 |       |       ||   252
       Call Imp          |    16 |    18 |    22 |    46 |    17 |       ||   119
       Call Canine Famil |       |    25 |    29 |    66 |    78 |     3 ||   201
       Summon Guardian G |       |     2 |    11 |    43 |   113 |     5 ||   174
       Summon Lightning  |       |       |    23 |    66 |   106 |     4 ||   199
       Swiftness         |       |       |       |     7 |     4 |       ||    11
       Lee's Rapid Decon |       |       |       |       |    70 |     6 ||    76
       Statue Form       |       |       |       |       |    61 |     3 ||    64
       Leda's Liquefacti |       |       |       |       |    15 |     1 ||    16
       Tukima's Dance    |       |       |       |       |    53 |     8 ||    61
       Summon Hydra      |       |       |       |       |     3 |       ||     3
Invok: Call Merchant     |       |       |       |     2 |     1 |       ||     3
       Potion Petition   |       |       |       |       |     1 |       ||     1
Evoke: Wand              |       |       |     5 |    13 |     5 |       ||    23
       Lightning rod     |       |       |     1 |       |     8 |       ||     9
       Piece from Xom's  |       |       |       |       |     3 |       ||     3
  Use: Scroll            |       |       |    11 |    15 |    21 |       ||    47
       Potion            |       |       |     1 |     4 |    12 |       ||    17
 Stab: Betrayed ally     |       |       |       |     1 |       |       ||     1
       Distracted        |       |       |       |       |     3 |       ||     3
Armor: Skin              |       |     7 |     2 |    31 |   313 |    14 ||   367
Dodge: Dodged            |    25 |    32 |    54 |   296 |  1204 |    30 ||  1641
Block: Other             |       |       |       |       |    40 |       ||    40
       Reflection        |       |       |       |       |     1 |       ||     1

Table legend: (Time is in decaauts)
 A = Elapsed time spent in this place.
 B = Non-inter-level travel time spent in this place.
 C = Inter-level travel time spent in this place.
 D = Time resting spent in this place.
 E = Time spent auto-exploring this place.
 F = Levels seen in this place.
 G = Mean time per level.
                   A        B        C        D        E       F      G
               +--------+--------+--------+--------+--------+-----+--------+
         Total |  30808 |  28295 |   2513 |     62 |  20941 |  25 | 1232.3 |
       Dungeon |  15569 |  13806 |   1763 |     13 |  10634 |  13 | 1197.6 |
        Temple |    120 |    110 |     10 |      0 |    104 |   1 |  120.0 |
          Lair |   9593 |   8957 |    636 |     49 |   6603 |   5 | 1918.6 |
        Shoals |   3111 |   3054 |     57 |      0 |   2180 |   3 | 1037.0 |
     Snake Pit |    135 |    135 |      0 |      0 |      0 |   1 |  135.0 |
  Orcish Mines |   2278 |   2234 |     44 |      0 |   1419 |   2 | 1139.0 |
               +--------+--------+--------+--------+--------+-----+--------+

Top non-repeatable levels by time:
  Lair:2: 2467 daAuts
     D:8: 2443 daAuts
  Lair:5: 2265 daAuts
    D:12: 2101 daAuts
  Lair:1: 2035 daAuts
Shoals:1: 1847 daAuts
  Lair:3: 1565 daAuts
     D:2: 1553 daAuts
    D:10: 1538 daAuts
   Orc:2: 1323 daAuts
  Lair:4: 1260 daAuts
     D:3: 1252 daAuts
    D:11: 1213 daAuts
     D:1: 1175 daAuts
Shoals:2: 1137 daAuts
